 Dungeon Crawl Stone Soup version 0.29.1-12-g30fa7ad0bf (webtiles) character file.

Game seed: 13540504331656016959

93 GeoRichter the Twirler (level 4, -2/33 HPs)
             Began as a Demonspawn Warper on Dec 19, 2022.
             Succumbed to an orc wizard's poison
             ... on level 3 of the Dungeon.
             The game lasted 00:03:33 (2786 turns).

GeoRichter the Twirler (Demonspawn Warper)          Turns: 2786, Time: 00:03:34

Health: -2/33      AC:  8    Str: 11    XL:     4   Next: 36%
Magic:  3/7        EV: 11    Int: 17    God:
Gold:   232        SH:  0    Dex: 12    Spells: 7/7 levels left

rFire   . . .      SeeInvis .   j - +0 quarterstaff
rCold   . . .      Faith    .   (shield currently unavailable)
rNeg    . . .      Spirit   +   b - +0 leather armour
rPois   .          Reflect  .   k - +2 hat
rElec   .          Harm     .   (no cloak)
rCorr   .          Rampage  .   (no gloves)
Will    .....                   (no boots)
Stlth   +.........              h - amulet of guardian spirit
HPRegen 0.11/turn               (no ring)
MPRegen 0.10/turn               (no ring)

@: lethally poisoned (-2 -> -23)
A: yellow scales 2, sense surroundings 1, devolution 1
a: no special abilities


You were on level 3 of the Dungeon.
You visited 1 branch of the dungeon, and saw 3 of its levels.

You collected 232 gold pieces.

Inventory:

Hand Weapons
 a - a +0 mace
 j - a +0 quarterstaff (weapon)
   (You took it off a goblin on level 1 of the Dungeon)
Missiles
 d - 7 boomerangs of dispersal (quivered) {!f}
Armour
 b - a +0 leather armour (worn)
 k - a +2 hat (worn)
   (You found it on level 1 of the Dungeon)
Jewellery
 h - an amulet of guardian spirit (around neck)
   (You took it off a goblin on level 1 of the Dungeon)
Scrolls
 c - a scroll of blinking
 e - a scroll of enchant weapon {unknown}
 g - 6 scrolls of identify {unknown}
 i - a scroll of teleportation {unknown}
 m - a scroll of poison {unknown}
 n - a scroll of amnesia {unknown}
 o - 2 scrolls of brand weapon {unknown}
 p - a scroll of silence {unknown}
 r - a scroll of acquirement {unknown}
 s - a scroll of magic mapping {unknown}
 t - a scroll of fog {unknown}
Potions
 f - 2 potions of curing {unknown}
 l - a potion of mutation {!q}
 q - a potion of heal wounds {unknown}
 u - a potion of brilliance {unknown}
 v - a potion of degeneration {unknown}


   Skills:
 - Level 2.0 Fighting
 - Level 2.5(3.3) Maces & Flails
 * Level 3.1(3.6) Staves
 - Level 0.8 Throwing
 - Level 0.8 Armour
 - Level 1.7 Dodging
 - Level 2.0 Spellcasting
 - Level 2.6 Translocations


You had 7 spell levels left.
You didn't know any spells.
Your spell library contained the following spells:

 Spells                   Type           Power      Damage    Failure   Level
 Blink                    Tloc           20%        N/A       13%         2
 Beastly Appendage        Tmut           2%         N/A       26%         1
 Gell's Gravitas          Tloc           10%        N/A       26%         3
 Lesser Beckoning         Tloc           10%        N/A       26%         3
 Teleport Other           Tloc           10%        N/A       26%         3
 Wereblood                Tmut           1%         N/A       36%         2
 Spider Form              Tmut/Pois      1%         N/A       58%         3
 Manifold Assault         Tloc           10%        N/A       93%         5


Dungeon Overview and Level Annotations

Branches:
Dungeon (3/15) Zot: 15185

Altars:


Innate Abilities, Weirdness & Mutations

You are mostly covered in yellow scales. (AC +3)
You passively map a small area around you.
You have hidden genetic defects.


Message History

The orc shouts!
The orc hits you with a +0 mace. The orc attacks as you move away!
The orc hits you with a +0 mace.
You completely miss the orc. The orc hits you but does no damage.
You thump the orc!
You kill the orc!
You closely miss the orc. The orc barely misses you.
You hit the orc.
The orc wizard casts a spell.
The orc wizard flickers and vanishes!
Deactivating autopickup; reactivate with Ctrl-A.
The orc hits you with a +0 club.
You barely miss the orc. The orc hits you but does no damage.
You hit the orc. The orc hits you but does no damage.
You hit the orc. The orc hits you but does no damage.
You hit the orc.
You kill the orc!
Something hits you.
You miss something.
You hear some strange, mumbled words.
A puff of flame appears from out of thin air!
The puff of flame hits you.
You miss something.
You hear some strange, mumbled words.
A magic dart appears from out of thin air!
The magic dart hits you.
You miss something. Something hits you.
You are poisoned.
You miss something.
You feel very sick. Something hits you.
* * * LOW HITPOINT WARNING * * *
You hit something.
You feel sick.
You hear some strange, mumbled words.
Something tries to affect you, but you resist.
Unknown command.
You closely miss something.
You feel sick. Something hits you but does no damage.
You are lethally poisoned!
You hit something.
* * * LOW HITPOINT WARNING * * *
You feel very sick. Something hits you.
* * * LOW HITPOINT WARNING * * *
You are more poisoned.
It was a potion of mutation.
You feel extremely strange.
You feel a hidden malignance growing inside you.
You feel a strange attunement to the structure of the dungeons.
You die...

.....'.......##..####.#
.....###....###.......#
.....# #......#.###.#.#
....## ####.#.#.......#
.##.# #.#.........#
###.# #.######....# #..
, #.# ##....# ####
#.#####..####
..##.{@..# *
,##.####..###.#
#.......## #.# * *
#.#.....# #.. #..>#.#
#.##, #...#o# ### ,*
#.. #..,,, ,, ,.... ###
* * ....


There were no monsters in sight!

Vanquished Creatures
  4 adders
  A worm (D:2)
  2 orcs (D:3)
  2 ball pythons
  7 endoplasms
  4 giant cockroaches
  3 hobgoblins
  3 jackals (D:3)
  2 quokkas (D:2)
  5 bats
  2 frilled lizards
  5 goblins
  3 kobolds
  6 rats
49 creatures vanquished.

Vanquished Creatures (others)
  2 fungi (D:3)
2 creatures vanquished.

Grand Total: 51 creatures vanquished

Notes
Turn   | Place    | Note
-------+----------+-------------------------------------------
     0 | D:1      | GeoRichter the Demonspawn Warper began the quest for the
                  | Orb.
     0 | D:1      | Reached XP level 1. HP: 16/16 MP: 3/3
   414 | D:1      | You fall into a shaft and drop 1 floor!
   697 | D:1      | Gained mutation: You are partially covered in yellow
                  | scales. (AC +2) [demonic ancestry]
   697 | D:1      | Reached XP level 2. HP: 22/22 MP: 5/5
   970 | D:1      | Found a faded altar of an unknown god.
  1150 | D:2      | Reached skill level 1 in Staves
  1338 | D:2      | Gained mutation: You are mostly covered in yellow scales.
                  | (AC +3) [demonic ancestry]
  1338 | D:2      | Reached XP level 3. HP: 27/27 MP: 6/6
  1538 | D:2      | Reached skill level 2 in Staves
  2363 | D:3      | Reached XP level 4. HP: 33/33 MP: 7/7
  2575 | D:3      | Reached skill level 3 in Staves
  2786 | D:3      | Gained mutation: You have hidden genetic defects. [potion
                  | of mutation]
  2786 | D:3      | Gained mutation: You passively map a small area around you.
                  | [potion of mutation]
  2786 | D:3      | Succumbed to an orc wizard's poison

Illustrated notes

Levels and vault maps discovered:
D:1:      dpeg_arrival_court, layout_rooms, hellmonk_ecumenical_altar_lost_god
D:2:      minmay_skewed_foursquare, layout_loops_corners
D:3:      layout_basic, grunt_temple_overflow_forces_of_nature

Skill      XL: |  1  2  3  4 |
---------------+-------------+-----
Maces & Flails | 2 |  2.5
Staves         | 1 2 3 |  3.1
Fighting       | |  2.0
Throwing       | |  0.8
Armour         | |  0.8
Dodging        | |  1.7
Spellcasting   | |  2.0
Translocations | |  2.6

Action                   |  1- 3 |  4- 6 || total
-------------------------+-------+-------++-------
Melee: Mace              |    27 |       ||    27
       Quarterstaff      |    92 |    54 ||   146
  Use: Potion            |       |     1 ||     1
Armor: Leather armour    |    51 |    27 ||    78
Dodge: Dodged            |    82 |    19 ||   101
